 Dungeon Crawl Stone Soup version 0.30-a0-121-gb27577e5d9 (webtiles) character file.

Game seed: 3184728759854265325

53 NinjaNoafa the Trooper (level 3, -1/29 HPs)
             Began as a Demonspawn Monk on Sept 14, 2022.
             Slain by a gnoll
             ... wielding a +0 spear
              (4 damage)
             ... on level 2 of the Dungeon.
             The game lasted 00:03:38 (1670 turns).

NinjaNoafa the Trooper (Demonspawn Monk)            Turns: 1670, Time: 00:03:39

Health: -1/29      AC:  5    Str: 13    XL:     3   Next: 64%
Magic:  3/3        EV: 12    Int: 11    God:
Gold:   29         SH:  5    Dex: 15    Spells: 2/2 levels left

rFire   . . .      SeeInvis .    a - +0 mace
rCold   . . .      Faith    .    (no shield)
rNeg    . . .      Spirit   .    d - +0 leather armour
rPois   .          Reflect  +    (no helmet)
rElec   .          Harm     .    (no cloak)
rCorr   .          Rampage  .    (no gloves)
Will    .....                    (no boots)
Stlth   ++........               b - amulet of reflection
HPRegen 0.09/turn                (no ring)
MPRegen 0.08/turn                (no ring)

@: no status effects
A: thin metallic scales 1
a: no special abilities


You were on level 2 of the Dungeon.
You visited 1 branch of the dungeon, and saw 2 of its levels.

You collected 29 gold pieces.

Inventory:

Hand Weapons
 a - a +0 mace (weapon)
Missiles
 e - a stone (quivered)
Armour
 d - a +0 leather armour (worn)
Jewellery
 b - an amulet of reflection (around neck)
Scrolls
 f - a scroll of enchant armour {unknown}
 j - a scroll of blinking {unknown}
Potions
 c - a potion of ambrosia
 g - a potion of brilliance {unknown}
 h - a potion of lignification {unknown}
 i - a potion of resistance {unknown}
 k - a potion of flight {unknown}


   Skills:
 - Level 3.0 Fighting
 - Level 3.0 Maces & Flails
 + Level 2.8 Armour
 - Level 2.6 Dodging
 - Level 1.7 Stealth


You had 2 spell levels left.
You didn't know any spells.
Your spell library was empty.

Dungeon Overview and Level Annotations

Branches:
Dungeon (2/15)

Altars:


Innate Abilities, Weirdness & Mutations

You are partially covered in thin metallic scales. (AC +2)


Message History

A gnoll comes into view. It is wielding a +0 club.
The gnoll shouts!
The gnoll moves out of view.
A gnoll is nearby!
A gnoll comes into view. It is wielding a +0 spear.
The gnoll moves out of view.
Found a book of Geomancy.
You block the gnoll's attack.
You hit the gnoll.
The gnoll is heavily wounded.
The gnoll hits you with a +0 club.
A gnoll comes into view.
It is wielding a +2 whip of electrocution.
The gnoll shouts!
You hit the gnoll.
The gnoll is almost dead.
You hear a shout!
The gnoll closely misses you. The gnoll barely misses you.
You hit the gnoll.
The gnoll is almost dead.
You block the gnoll's attack.
A gnoll comes into view. It is wielding a +0 club.
You hit the gnoll.
You kill the gnoll!
You throw a stone.
The stone hits the gnoll but does no damage.
You throw a stone.
The stone hits the gnoll but does no damage.
You hit the gnoll.
The gnoll is moderately wounded.
The gnoll hits you with a +2 whip of electrocution. x2
You closely miss the gnoll.
The gnoll is moderately wounded.
The gnoll hits you from afar with a +0 spear.
The gnoll misses you.
You hit the gnoll but do no damage.
The gnoll is moderately wounded.
The gnoll hits you with a +2 whip of electrocution.
You are electrocuted!
* * * LOW HITPOINT WARNING * * *
The gnoll hits you from afar with a +0 spear.
You die...

#. #: .. #. #. .#
#.####. .#
.......#### .#
#....gg@..######.#
.....#.g"........#
####........†....#
######.####...#
..........#
###.##<#...#
#.##.#.).#
#.##.#...#
#.##.#..##


You could see 3 gnolls.

Vanquished Creatures
  A gnoll (D:2)
  An adder (D:2)
  A dart slug (D:1)
  4 ball pythons (D:1)
  2 bats
  4 endoplasms
  4 giant cockroaches (D:1)
  2 goblins
  3 hobgoblins (D:1)
  4 kobolds (D:1)
  2 frilled lizards (D:1)
  5 rats (D:1)
33 creatures vanquished.

Notes
Turn   | Place    | Note
-------+----------+-------------------------------------------
     0 | D:1      | NinjaNoafa the Demonspawn Monk began the quest for the Orb.
     0 | D:1      | Reached XP level 1. HP: 18/18 MP: 1/1
   582 | D:1      | Reached skill level 1 in Armour
   582 | D:1      | Gained mutation: You are partially covered in thin metallic
                  | scales. (AC +2) [demonic ancestry]
   582 | D:1      | Reached XP level 2. HP: 24/24 MP: 2/2
  1310 | D:1      | Reached XP level 3. HP: 28/29 MP: 3/3
  1670 | D:2      | Slain by a gnoll

Illustrated notes

Levels and vault maps discovered:
D:1:      tarquinn_simple_flora_water_e, layout_loops_corners
D:2:      kennysheep_the_goblin_king, layout_loops_ring,
          shapermc_ecumenical_altar_hornbeckon, corexii_hall_statues_u

Skill      XL: |  1  2 |
---------------+-------+-----
Maces & Flails | 3 |  3.0
Armour         | 1 2 |  2.8
Fighting       | |  3.0
Dodging        | |  2.6
Stealth        | |  1.7

Action                   || total
-------------------------++-------
Melee: Mace              ||   127
       Punch             ||     1
Throw: Stone             ||     3
 Stab: Sleeping          ||     2
Armor: Leather armour    ||    46
       Robe              ||     2
Dodge: Dodged            ||    98
Block: Other             ||    23

Table legend: (Time is in decaauts)
 A = Elapsed time spent in this place.
 B = Non-inter-level travel time spent in this place.
 C = Inter-level travel time spent in this place.
 D = Time resting spent in this place.
 E = Time spent auto-exploring this place.
 F = Levels seen in this place.
 G = Mean time per level.
                   A        B        C        D        E       F      G
               +--------+--------+--------+--------+--------+-----+--------+
         Total |   1702 |   1639 |     63 |      0 |   1300 |   2 |  851.0 |
       Dungeon |   1702 |   1639 |     63 |      0 |   1300 |   2 |  851.0 |
               +--------+--------+--------+--------+--------+-----+--------+

Top non-repeatable levels by time:
     D:1: 1561 daAuts
     D:2: 140 daAuts
